Map: Abyssal Reef LE

Players

Snute

  • Race: Zerg Zerg
  • Spawn Location: 11:00

Arctur - Winner!

  • Race: Terran Terran
  • Spawn Location: 5:00

Event: WCS Valencia 2017

VOD

Have the link to the VOD?

Description

Time

  • Played on: July 13, 2017, 6:42 a.m.
  • Length: 13:29

All games in this series

Show
View Real Time Build Order
Export as new Build Order

Snute Zerg 

Build Orders: Pool First 

Get SALT Encoding   

  12  0:00  Drone  
  13  0:12  Overlord  
  13  0:17  Drone  
  14  0:30  Drone x2  
  14  0:34  Drone  
  17  0:44  Spawning Pool  
  17  0:48  Drone  
  17  1:09  Hatchery  
  17  1:11  Drone  
  17  1:15  Drone  
  17  1:16  Extractor  
  17  1:19  Drone  
  18  1:30  Queen  
  20  1:33  Zergling x2  
  20  1:39  Overlord  
  21  1:50  Drone  
  22  2:00  Drone  
  23  2:06  Queen  
  25  2:11  Drone  
  26  2:16  Metabolic Boost  
  26  2:21  Queen  
  28  2:23  Drone  
  28  2:26  Drone  
  29  2:39  Drone x3  
  29  2:41  Overlord  
  29  2:42  Zergling x2  
  32  2:48  Zergling x4  
  34  2:58  Spore Crawler  
  33  3:03  Zergling x2  
  33  3:04  Zergling x4  
  37  3:09  Overlord  
  37  3:15  Zergling x8  
  40  3:33  Hatchery  
  39  3:38  Zergling x2  
  39  3:39  Zergling x4  
  42  3:45  Zergling x6  
  45  3:52  Drone x2  
  45  3:53  Drone  
  48  4:04  Drone  
  48  4:05  Drone  
  49  4:11  Drone  
  49  4:13  Drone  
  51  4:18  Evolution Chamber  
  51  4:23  Drone  
  51  4:24  Drone  
  52  4:34  Overlord  
  51  4:42  Overlord  
  51  4:46  Drone x3  
  51  4:51  Zerg Ground Armor Level 1  
  51  4:52  Hatchery  
  53  4:55  Drone x2  
  53  4:56  Drone  
  56  5:01  Extractor  
  56  5:02  Drone  
  56  5:03  Drone x4  
  56  5:05  Drone  
  56  5:06  Drone  
  56  5:07  Queen  
  62  5:12  Drone x2  
  66  5:18  Drone  
  66  5:20  Drone  
  66  5:21  Drone  
  69  5:23  Lair  
  70  5:28  Drone  
  70  5:30  Drone x3  
  70  5:31  Drone  
  70  5:32  Overlord  
  74  5:38  Baneling Nest  
  74  5:40  Drone  
  74  5:46  Overlord  
  74  5:53  Drone x6  
  74  5:54  Zergling x2  
  81  5:59  Zergling x2  
  81  6:01  Overlord x2  
  81  6:04  Queen x2  
  82  6:06  Queen  
  88  6:13  Overlord  
  88  6:15  Zergling x12  
  94  6:26  Queen, Zergling x2  
  94  6:27  Zergling x8  
  100  6:39  Zergling x24  
  96  6:43  Zergling x4  
  96  6:44  Queen x2  
  94  6:51  Zergling x4  
  73  6:55  Zergling x8  
  73  6:58  Zergling x4  
  77  7:07  Drone x6  
  79  7:10  Drone  
  79  7:11  Drone  
  79  7:13  Drone  
  82  7:19  Drone x3  
  82  7:21  Drone x2  
  87  7:23  Drone x2  
  89  7:31  Zerg Ground Armor Level 2  
  89  7:35  Evolution Chamber, Drone  
  89  7:36  Drone  
  89  7:40  Overlord  
  89  7:43  Extractor  
  87  7:52  Overlord x2  
  87  7:55  Zergling x2  
  87  7:56  Zergling x16  
  96  7:59  Centrifical Hooks  
  96  8:03  Zergling x6  
  96  8:04  Zergling x2  
  94  8:10  Zerg Melee Weapons Level 1  
  94  8:15  Zergling x2  
  94  8:16  Zergling x16  
  100  8:21  Zergling x2  
  100  8:22  Zergling x8  
  104  8:31  Spire  
  102  8:39  Zergling x16  
  110  8:49  Baneling x9  
  110  8:51  Overseer  
  110  8:53  Zergling x2  
  110  8:54  Zergling x10  
  105  9:05  Zergling x2  
  105  9:06  Zergling x12  
  105  9:08  Pneumatized Carapace  
  103  9:20  Zergling x8  
  107  9:27  Zergling x6  
  107  9:31  Zergling x2  
  101  9:43  Zergling x6  
  101  9:44  Zergling x4  
  95  9:45  Hatchery  
  95  9:58  Corruptor  
  95  9:59  Corruptor  
  93  10:04  Corruptor  
  93  10:05  Zerg Melee Weapons Level 2  
  95  10:08  Corruptor x2  
  95  10:11  Baneling x3  
  99  10:15  Zergling x6  
  99  10:16  Extractor  
  99  10:18  Zergling x10  
  99  10:20  Baneling x2  
  99  10:21  Baneling  
  106  10:28  Zergling x2  
  106  10:29  Zergling x10  
  109  10:38  Zergling x10  
  109  10:40  Corruptor  
  112  10:47  Zergling x14  
  113  10:52  Zergling x2  
  113  10:53  Zergling x8, Baneling  
  113  10:54  Baneling x6  
  116  11:04  Overseer  
  112  11:05  Overseer  
  110  11:11  Zergling x2  
  110  11:12  Zergling x20  
  115  11:21  Zergling x18  
  115  11:23  Baneling x5  
  115  11:24  Zergling x2  
  115  11:25  Zergling x2  
  112  11:27  Zergling x2  
  112  11:30  Zergling x2  
  112  11:31  Zergling x2  
  114  11:38  Zergling x12  
  101  11:45  Zergling x2  
  101  11:46  Zergling x16  
  94  11:52  Zergling x2  
  94  11:53  Zergling x4  
  84  12:00  Zergling x12  
  83  12:02  Overseer, Baneling x5  
  83  12:06  Zergling x2  
  83  12:07  Zergling x4  
  82  12:09  Overseer  
  82  12:11  Zergling x8  
  82  12:14  Zergling x2  
  82  12:15  Zergling x2  
  76  12:25  Corruptor  
  76  12:26  Corruptor x2  
  77  12:37  Zergling x2  
  77  12:38  Zergling x14  
  77  12:43  Zergling x8  
  89  12:46  Baneling x3  
  85  12:57  Zergling x2  
  85  12:58  Zergling x16  
  86  13:05  Zergling x10  
Show
View Real Time Build Order
Export as new Build Order

Arctur Terran - Winner!

Build Orders: Bio Mine 

Get SALT Encoding   

  12  0:00  SCV  
  13  0:12  SCV  
  14  0:17  Supply Depot  
  14  0:24  SCV  
  15  0:38  SCV  
  15  0:39  Barracks  
  16  0:46  Refinery  
  16  0:50  SCV  
  17  1:01  Barracks  
  17  1:06  SCV  
  18  1:18  SCV  
  19  1:28  Reaper  
  19  1:30  Orbital Command  
  20  1:39  Barracks  
  20  1:44  Refinery  
  20  1:49  Reaper  
  21  1:58  Supply Depot  
  21  2:02  SCV  
  21  2:05  Reaper  
  23  2:20  SCV  
  23  2:21  Reaper  
  25  2:23  Supply Depot  
  25  2:28  Reaper  
  26  2:35  SCV  
  27  2:37  Reaper  
  28  2:47  SCV  
  29  2:55  Reaper  
  30  3:04  Reaper  
  30  3:05  Command Center  
  31  3:07  SCV  
  31  3:12  Barracks Tech Lab  
  32  3:19  SCV  
  33  3:31  Stimpack, SCV  
  33  3:32  Barracks Reactor  
  34  3:39  Barracks Reactor  
  34  3:43  SCV, Engineering Bay  
  34  3:47  Marine  
  36  3:53  Supply Depot  
  36  3:55  SCV  
  37  3:56  Factory  
  37  4:07  SCV  
  35  4:12  Marine x3  
  35  4:16  Terran Infantry Weapons Level 1  
  35  4:19  SCV  
  36  4:28  Supply Depot  
  36  4:30  Marine  
  37  4:32  Marine x3  
  37  4:33  Marine  
  37  4:34  SCV  
  41  4:40  Orbital Command  
  41  4:46  SCV  
  41  4:49  Starport  
  41  4:51  Factory Reactor  
  42  4:53  Marine  
  42  4:55  Marine  
  42  4:57  Marine  
  45  5:00  Marine  
  45  5:02  SCV  
  45  5:03  Marine  
  45  5:06  SCV  
  49  5:11  Supply Depot  
  49  5:13  Marine  
  50  5:14  SCV  
  50  5:15  Marine  
  50  5:19  SCV, Marine x2  
  55  5:21  Marine  
  55  5:26  SCV  
  57  5:31  SCV, Combat Shields  
  57  5:34  Supply Depot  
  58  5:35  Medivac  
  58  5:37  Medivac  
  58  5:40  SCV, Marine x2  
  65  5:43  Marine  
  65  5:44  Marine  
  65  5:46  Marine  
  65  5:48  SCV  
  69  5:50  Factory Reactor  
  69  5:52  SCV  
  70  6:04  Command Center  
  70  6:07  Marine  
  70  6:08  Marine x2  
  70  6:10  Terran Infantry Armor Level 1, Marine  
  74  6:12  Marine  
  74  6:18  Supply Depot  
  71  6:41  Marine x5  
  71  6:42  Medivac x2  
  73  6:55  SCV x2  
  73  6:57  Barracks  
  73  6:58  Barracks  
  73  6:59  Marine, Refinery  
  73  7:00  Refinery  
  76  7:07  SCV  
  73  7:08  SCV  
  73  7:09  Marine x4  
  73  7:12  Medivac  
  77  7:17  Marine  
  77  7:19  SCV, Widow Mine x2  
  77  7:22  SCV  
  85  7:25  Supply Depot  
  85  7:27  Marine x2  
  87  7:30  Orbital Command  
  87  7:34  SCV  
  87  7:36  SCV  
  86  7:37  Marine x3  
  86  7:38  Bunker  
  86  7:41  Medivac  
  91  7:46  Marine x2  
  91  7:48  Barracks Reactor x2, Widow Mine x2  
  96  7:51  SCV x2  
  96  7:55  Medivac  
  96  7:56  Marine  
  96  7:57  Marine x2  
  103  8:03  Armory  
  103  8:05  Marine, Engineering Bay  
  103  8:08  SCV x3  
  103  8:11  Marine  
  108  8:14  Marine  
  108  8:16  Widow Mine  
  108  8:17  Marine  
  109  8:20  Marine, Widow Mine  
  109  8:23  SCV x3, Marine  
  114  8:34  Marine x3  
  114  8:37  Marine  
  117  8:42  Supply Depot  
  117  8:43  Supply Depot  
  117  8:45  Factory  
  117  8:58  Marine x2  
  117  8:59  Marine  
  113  9:04  Marine x6  
  113  9:05  Widow Mine x2  
  111  9:10  Supply Depot  
  111  9:12  Supply Depot  
  111  9:16  Marine x2  
  105  9:17  Marine  
  105  9:22  Marine x6  
  104  9:25  Terran Infantry Weapons Level 2  
  95  9:33  Factory Tech Lab, Widow Mine x2  
  95  9:34  Marine x2  
  95  9:35  Marine  
  99  9:40  Marine x4  
  100  9:46  Marine x2  
  100  9:52  Marine x3  
  104  9:55  Terran Infantry Armor Level 2  
  104  9:57  Marine  
  104  9:58  Marine x3  
  106  10:01  Refinery  
  106  10:03  Marine  
  106  10:04  Marine  
  106  10:05  Command Center  
  108  10:09  Marine  
  108  10:10  Marine x2  
  108  10:11  Drilling Claws  
  108  10:12  Liberator x2, Widow Mine x2  
  115  10:15  Marine  
  115  10:17  Widow Mine, Supply Depot  
  115  10:18  Supply Depot  
  115  10:20  Marine x3  
  121  10:21  Marine  
  128  10:40  Marine  
  128  10:42  Marine x8  
  130  10:48  Widow Mine x2  
  137  10:55  Widow Mine  
  139  10:58  Marine  
  139  11:00  Marine x7  
  139  11:03  Marine  
  140  11:12  Medivac x2  
  140  11:16  Marine  
  140  11:17  Widow Mine  
  140  11:18  Marine x3  
  146  11:21  Widow Mine  
  146  11:22  Marine x2  
  144  11:29  Marine x3  
  147  11:34  Marine  
  147  11:35  Marine  
  147  11:37  Marine  
  129  11:41  Marine x2  
  129  11:42  Marine, Medivac x2  
  129  11:47  Marine x3  
  127  11:51  Marine  
  127  11:53  Marine  
  114  11:55  Marine  
  114  11:59  Marine x3  
  114  12:00  Widow Mine  
  114  12:04  Marine  
  112  12:12  Medivac x2  
  111  12:19  Marine x4  
  110  12:25  Liberator  
  108  12:36  Marine x5  
  103  12:37  Widow Mine x2  
  103  12:42  Medivac, Widow Mine  
  103  12:43  Marine x4  
  118  12:54  Marine x2  
  112  13:08  Marine x7  
Tags
 
Add a new tag
Caveats
  • Supply blocks, unpowered buildings, or Contaminate may cause inaccurate times.
  • Supply counts are checked every 10 seconds.